 Dungeon Crawl Stone Soup version 0.28.0-47-ge53b351184 (webtiles) character file.

Game seed: 11567447794710224518

399 101zpm the Chiller (level 6, -5/42 HPs)
             Began as a Vampire Ice Elementalist on Apr 29, 2022.
             Killed from afar by Maggie (20 damage)
             ... with a bolt of fire
             ... on level 7 of the Dungeon.
             The game lasted 00:04:11 (1648 turns).

101zpm the Chiller (Vampire Ice Elementalist)       Turns: 1648, Time: 00:04:12

Health: -5/42      AC:  2    Str:  7    XL:     6   Next: 53%
Magic:  5/11       EV: 13    Int: 19    God:
Gold:   118        SH:  0    Dex: 15    Spells: 5/12 levels left

rFire   . . .      SeeInvis +   c - +0 dagger
rCold   . . .      Faith    .   (no shield)
rNeg    . . .      Spirit   .   a - +0 robe
rPois   .          Reflect  .   (no helmet)
rElec   .          Harm     .   (no cloak)
rCorr   .          Rampage  .   (no gloves)
Will    .....                   (no boots)
Stlth   +++.......              (no amulet)
HPRegen 0.34/turn               g - +4 ring of slaying
MPRegen 0.12/turn               (no ring)

@: freezing walls, mesmerised, healing quickly
A: alive, fangs 3, see invisible, vampiric 2
a: Exsanguinate


You were on level 7 of the Dungeon.
You visited 1 branch of the dungeon, and saw 7 of its levels.

You collected 118 gold pieces.

Inventory:

Hand Weapons
 c - a +0 dagger (weapon)
Armour
 a - a +0 robe (worn)
Jewellery
 g - a +4 ring of slaying (left hand)
 h - a ring of protection from fire
Scrolls
 b - a scroll of noise {unknown}
 d - 2 scrolls of identify {unknown}
 e - a scroll of blinking {unknown}
 f - a scroll of teleportation {unknown}
 i - a scroll of magic mapping {unknown}
Potions
 j - a potion of heal wounds {unknown}


   Skills:
 + Level 0.6 Fighting
 + Level 1.7 Short Blades
 + Level 2.9 Dodging
 + Level 4.4 Stealth
 + Level 3.9 Spellcasting
 + Level 5.9 Ice Magic


You had 5 spell levels left.
You knew the following spells:

 Your Spells              Type           Power      Damage    Failure   Level
a - Freeze                Ice            100%       1d11      1%          1
b - Frozen Ramparts       Ice            52%        1d7       3%          3
c - Ozocubu's Armour      Ice            26%        N/A       3%          3

Your spell library contained the following spells:

 Spells                   Type           Power      Damage    Failure   Level
 Hailstorm                Conj/Ice       15%        3d5       38%         4


Dungeon Overview and Level Annotations

Branches:
Dungeon (7/15)
 Temple: D:4-7

Altars:

Shops:
D:1 (   D:2 =

Annotations:
D:7 Maggie


Innate Abilities, Weirdness & Mutations

Your natural rate of healing is accelerated.
You have razor-sharp teeth.
You have supernaturally acute eyesight. (SInv)
You are afflicted with vampirism and can become a bat while bloodless.


Message History

You start waiting.
Done waiting.
Found a stone staircase leading up.
You see here a +0 leather armour.
j - a bubbling clear potion An iguana comes into view.
The iguana hisses angrily.
The iguana moves out of view.
Maggie the Vainglorious comes into view.
She is wielding a +0 halberd and carrying a wand of flame (18).
Maggie shouts!
Maggie mumbles some strange words.
Maggie attempts to bespell you!
You are mesmerised by Maggie!
Casting: Freeze (safe; 1% risk of failure)
Confirm with . or Enter, or press ? or * to list all spells.
Casting: Frozen Ramparts (dangerous; 3% risk of failure)
Press: ? - help, Dir - look around, f - activate The walls around you are covered in ice.
The wall freezes the iguana!
Casting: Frozen Ramparts (dangerous; 3% risk of failure)
Confirm with . or Enter, or press ? or * to list all spells.
A film of ice covers your body!
The wall freezes the iguana.
The iguana closely misses you.
You freeze the iguana.
You kill the iguana!
Maggie gestures wildly while chanting.
Maggie draws you further into her thrall.
Maggie gestures at you while chanting. The bolt of fire hits you!!
Ouch! That really hurt!
The heat melts your icy armour.
The wall freezes Maggie.
Maggie hits you from afar with a +0 halberd.
The wall freezes Maggie!
Maggie zaps a wand.
The puff of flame hits you. The heat melts your icy armour.
The wall freezes Maggie.
Maggie casts a spell at you. The bolt of fire hits you!!
Your icy armour melts away.
You die...

...#..........
.............
............
...........
#..........
#..=.......
#....@.....
#.@# #..# #..#
#..### #.#
#....# #.#
####.##.# #.#
#....# .# #.#
#....## . #.#
#.....# .#


You could see Maggie (mesmerising).

Vanquished Creatures
  2 water moccasins
  A centaur zombie (D:5)
  A hound (D:5)
  A bullfrog skeleton (D:6)
  Jessica (D:3)
  An iguana (D:7)
  A hound zombie (D:5)
  2 adders
  An orc (D:3)
  An endoplasm (D:1)
  A giant cockroach (D:3)
  3 goblins
  A hobgoblin (D:3)
  A quokka (D:5)
  2 ball pythons
  A frilled lizard (D:3)
  A rat (D:3)
22 creatures vanquished.

Notes
Turn   | Place    | Note
-------+----------+-------------------------------------------
     0 | D:1      | 101zpm the Vampire Ice Elementalist began the quest for the
                  | Orb.
     0 | D:1      | Reached XP level 1. HP: 13/13 MP: 3/3
    37 | D:1      | Found Firuyfop's Weapon Boutique.
   380 | D:2      | Found Somu's Jewellery Emporium.
   591 | D:3      | Reached XP level 2. HP: 12/19 MP: 1/5
   733 | D:3      | Noticed Jessica
   740 | D:3      | Killed Jessica
   741 | D:3      | Gained mutation: You are afflicted with vampirism and can
                  | become a bat while bloodless. [Vampire growth]
   741 | D:3      | Reached XP level 3. HP: 9/24 MP: 3/6
   981 | D:5      | Entered Level 5 of the Dungeon
  1024 | D:5      | Reached skill level 5 in Ice Magic
  1043 | D:5      | Reached XP level 4. HP: 28/30 MP: 3/7
  1159 | D:5      | Learned a level 3 spell: Frozen Ramparts
  1163 | D:5      | Learned a level 3 spell: Ozocubu's Armour
  1204 | D:5      | Noticed a water moccasin
  1209 | D:5      | Killed a water moccasin
  1210 | D:5      | Reached skill level 1 in Short Blades
  1210 | D:5      | Reached XP level 5. HP: 36/36 MP: 3/10
  1292 | D:5      | Reached XP level 6. HP: 23/42 MP: 8/11
  1388 | D:7      | Noticed a water moccasin
  1430 | D:7      | Killed a water moccasin
  1640 | D:7      | Noticed Maggie
  1648 | D:7      | Killed from afar by Maggie

Illustrated notes

Levels and vault maps discovered:
D:1:      saegor_arrival_simple_b, layout_loops_ring, serial_shops, shop_coins
D:2:      layout_basic, hellmonk_ecumenical_altar_slurped_away, serial_shops,
          shop, shop, nicolae_shop_crystal, roderic_roman_lattice
D:3:      minmay_chambers_of_threes, layout_loops_corners, serial_shops, shop,
          kennysheep_donut, uniq_natasha, uniq_jessica
D:4:      layout_loops_ring, uniq_duvessa
D:5:      layout_loops_corners, minmay_temple_entry_sparse_star, uniq_pikel
D:6:      layout_loops_ring, kennysheep_mini, hex_medium, minmay_circle_x
D:7:      layout_rooms, minmay_fractal_squares_gapless_5,
          uniq_crazy_yiuf_cottage, uniq_maggie

Skill      XL: |  1  2  3  4 |
---------------+-------------+-----
Ice Magic      | 5 |  5.9
Stealth        | 4 |  4.4
Short Blades   | 1 |  1.7
Spellcasting   | 3 |  3.9
Fighting       | |  0.6
Dodging        | |  2.9

Action                   |  1- 3 |  4- 6 || total
-------------------------+-------+-------++-------
Melee: Dagger            |    19 |    17 ||    36
       Bite              |     1 |     2 ||     3
 Cast: Freeze            |    28 |    10 ||    38
       Frozen Ramparts   |       |     5 ||     5
       Ozocubu's Armour  |       |     2 ||     2
 Stab: Sleeping          |       |     1 ||     1
Armor: Robe              |     3 |     5 ||     8
Dodge: Dodged            |    24 |    21 ||    45
